 Dungeon Crawl Stone Soup version 0.21.2 (webtiles) character file.

9 tidbits the Caller (level 2, 19/19 HPs)
             Began as a Gnoll Summoner on Dec 5, 2018.
             Quit the game on level 1 of the Dungeon.
             The game lasted 00:01:39 (108 turns).

tidbits the Caller (Gnoll Summoner)                  Turns: 108, Time: 00:01:39

Health: 19/19      AC:  2    Str: 10    XL:     2   Next: 12%
Magic:  5/7        EV: 14    Int: 17    God:
Gold:   8          SH:  0    Dex: 15    Spells: 7/10 levels left

rFire    . . .     SeeInvis .   b - -2 spear (curse)
rCold    . . .     Gourm    .   (no shield)
rNeg     . . .     Faith    .   e - +0 robe
rPois    .         Spirit   .   (no helmet)
rElec    .         Reflect  .   (no cloak)
rCorr    .         Harm     .   (no gloves)
MR       .....                  (no boots)
Stlth    +++.......             (no amulet)
HPRegen  0.06/turn              (no ring)
MPRegen  0.10/turn              (no ring)

@: no status effects
A: distributed training, fangs 1, strong nose
a: no special abilities


You were on level 1 of the Dungeon.
You were not hungry.

You visited 1 branch of the dungeon, and saw 2 of its levels.

You collected 8 gold pieces.

Inventory:

Hand Weapons
 a - a +0 dagger
 b - a cursed -2 spear (weapon)
Armour
 e - a +0 robe (worn)
Scrolls
 d - 2 scrolls of remove curse {unknown}
Books
 f - a book of Callings

   Spells                             Type                      Level
   a - Summon Small Mammal            Summoning                    1
   b - Call Imp                       Summoning                    2
   c - Call Canine Familiar           Summoning                    3
   d - Summon Guardian Golem          Hexes/Summoning              3
   e - Summon Lightning Spire         Summoning/Air                4
   f - Summon Ice Beast               Ice/Summoning                4
Comestibles
 c - a ration


   Skills:
 + Level 0.2 Fighting
 + Level 0.2 Short Blades
 + Level 0.2 Long Blades
 + Level 0.2 Axes
 + Level 0.2 Maces & Flails
 + Level 0.2 Polearms
 + Level 0.2 Staves
 + Level 0.2 Slings
 + Level 0.2 Bows
 + Level 0.2 Crossbows
 + Level 0.2 Throwing
 + Level 0.2 Armour
 + Level 4.4 Dodging
 + Level 4.0 Stealth
 + Level 0.2 Shields
 + Level 0.2 Unarmed Combat
 + Level 4.9 Spellcasting
 + Level 0.1 Conjurations
 + Level 0.1 Hexes
 + Level 0.1 Charms
 + Level 7.0 Summonings
 + Level 0.1 Necromancy
 + Level 0.1 Translocations
 + Level 0.1 Transmutations
 + Level 0.1 Fire Magic
 + Level 0.1 Ice Magic
 + Level 0.1 Air Magic
 + Level 0.1 Earth Magic
 + Level 0.1 Poison Magic
 + Level 0.3 Invocations
 + Level 0.2 Evocations


You had 7 spell levels left.
You knew the following spells:

 Your Spells              Type           Power        Failure   Level  Hunger
a - Summon Small Mammal   Summ           ####         1%          1    None
i - Call Imp              Summ           ####....     1%          2    #......


Dungeon Overview and Level Annotations

Branches:
Dungeon (2/15)

Altars:
Okawaru


Innate Abilities, Weirdness & Mutations

Your experience applies equally to all skills.
You have very sharp teeth.
Your uncanny sense of smell can sniff out nearby items.


Message History

Your bat hits the frilled lizard.
The frilled lizard barely misses your quokka.
Your bat hits the jackal but does no damage.
Your bat barely misses the frilled lizard.
The frilled lizard bites your bat.
Your bat closely misses the frilled lizard.
Your rat misses the jackal. You hit the jackal.
The jackal is moderately wounded.
Your bat hits the frilled lizard.
The frilled lizard dies!
Your quokka bites the jackal.
The jackal misses you.
Your quokka barely misses the jackal.
The jackal misses you.
Your rat misses the jackal. You barely miss the jackal.
The jackal is almost dead.
Your bat hits the jackal but does no damage.
The jackal misses you.
Your quokka misses the jackal.
Your rat closely misses the jackal.
You hit the jackal.
You kill the jackal!
You have reached level 2!
Memorise Call Imp, consuming 2 spell levels and leaving 7?
You start memorising the spell.
You continue memorising. x2
You finish memorising.
Spell assigned to 'i'.
Unknown command.
Unknown command.
Your quokka disappears in a puff of smoke!
Unknown command.
A kobold comes into view. It is wielding a dagger.
Unknown command.
The kobold shouts!
Found a mace.
Found a spear.
Casting: Summon Small Mammal
Confirm with . or Enter, or press ? or * to list all spells.
The kobold barely misses you.
Your quokka bites the kobold.
The kobold dies!
You see here a dagger.
e - a dagger You swap places.
Found an iron altar of Okawaru.
Found a scroll labeled BUUPTILAZA, a falchion and a hand axe.
Unknown command.
Found a short sword.
Found a stone staircase leading down.
There is an iron altar of Okawaru here.
Unknown command.
Press < or > to pray at altars.
You see here a spear.
f - a spear Your rat disappears in a puff of smoke!
You see here a short sword.
Your bat disappears in a puff of smoke!
You see here a scroll labeled BUUPTILAZA.
d - 2 scrolls labeled BUUPTILAZA (gained 1) Wield which item (- for none, * to show all)? (? for menu, Esc to quit)
e - a +0 dagger (weapon)
Adjust (i)tems, (s)pells, or (a)bilities?
Adjust which item? (? for menu, Esc to quit)
e - a +0 dagger (weapon)
Adjust to which letter? (? for menu, Esc to quit)
a - a +0 dagger (weapon);
e - a +0 robe (worn)
Adjust (i)tems, (s)pells, or (a)bilities?
Adjust which item? (? for menu, Esc to quit)
f - a spear Adjust to which letter? (? for menu, Esc to quit)
b - a spear;
f - a book of Callings Unknown command.
You swap places.
Your quokka disappears in a puff of smoke!
There is a stone staircase leading down here.
You climb downwards.
A kobold comes into view. It is wielding a club.
There is a stone staircase leading up here.
Unknown command.
Unknown command.
The helpless kobold fails to defend itself.
You puncture the kobold!
You kill the kobold!
There is a stone staircase leading up here.
You climb upwards.
There is a stone staircase leading down here.
Unknown command.
A rat comes into view.
A bat comes into view.
Found 12 gold pieces.
Casting: Summon Small Mammal
Confirm with . or Enter, or press ? or * to list all spells.
The bat hits you but does no damage. The bat misses you.
The bat barely misses you. The bat misses your quokka.
Your quokka closely misses the bat.
You closely miss the bat. The bat misses you.
Your quokka bites the bat.
The bat closely misses your quokka.
Wield which item (- for none, * to show all)? (? for menu, Esc to quit)
It sticks to your hand!
b - a cursed -2 spear (weapon)
The bat misses you.
Your quokka barely misses the bat.
Are you sure you want to abandon this character and quit the game? (Confirm with "yes".)

#..<..##...###...^(..††..†..
#.....##.8.# #........†††...
########...# ###########....
##### #........##†...
..####........##....
#$#>.....#....+.....
#.#.#.).###...##....
#.#r................
#.b@..#...).#.......
.......##.##.._..##......
.......+...#.).).#.......
....r..#............#####
.......#.....###...##
.......####...#...## .......
##.....## ######. #######


You could see a bat, a rat and a friendly quokka.

Vanquished Creatures
  A jackal (D:1)
  A kobold (D:2)
  A bat (D:1)
3 creatures vanquished.

Vanquished Creatures (collateral kills)
  A leopard gecko (D:1)
  A giant cockroach (D:1)
  A hobgoblin (D:1)
  A jackal (D:1)
  A bat (D:1)
  A frilled lizard (D:1)
  2 kobolds (D:1)
8 creatures vanquished.

Vanquished Creatures (others)
  A bat (D:1)
1 creature vanquished.

Grand Total: 12 creatures vanquished

Notes
Turn   | Place    | Note
-------+----------+-------------------------------------------
     0 | D:1      | tidbits the Gnoll Summoner began the quest for the Orb.
     0 | D:1      | Reached XP level 1. HP: 13/13 MP: 6/6
    59 | D:1      | Reached XP level 2. HP: 16/19 MP: 2/7
    63 | D:1      | Learned a level 2 spell: Call Imp
    74 | D:1      | Found an iron altar of Okawaru.
   108 | D:1      | Quit the game

Action                   || total
-------------------------++-------
Melee: Unarmed           ||    10
       Dagger            ||     2
 Cast: Summon Small Mamm ||    10
 Stab: Sleeping          ||     1
Armor: Robe              ||     4
Dodge: Dodged            ||    22

Table legend:
 A = Turns spent in this place as a percentage of turns spent in the entire game.
 B = Non-inter-level travel turns spent in this place as a percentage of non-inter-level travel turns spent in the entire game.
 C = Inter-level travel turns spent in this place as a percentage of turns spent in this place.
 D = Turns resting spent in this place as a percentage of non-inter-level travel turns spent in this place.
 E = Turns spent auto-exploring this place as a percentage of non-inter-level travel turns spent in this place.
 F = Non-inter-level travel turns spent in this place divided by the number of levels of this place that you've seen.
                   A       B       C       D       E      F
               +-------+-------+-------+-------+-------+----------------------
         Total | 100.0 | 100.0 |   0.0 |   0.0 |   0.0 |  54.0
       Dungeon | 100.0 | 100.0 |   0.0 |   0.0 |   0.0 |  54.0
               +-------+-------+-------+-------+-------+----------------------

Table legend:
 A = Kills in this place as a percentage of kills in entire the game.
 B = Kills by you in this place as a percentage of kills by you in the entire game.
 C = Kills by friends in this place as a percentage of kills by friends in the entire game.
 D = Other kills in this place as a percentage of other kills in the entire game.
 E = Experience gained in this place as a percentage of experience gained in the entire game.
 F = Experience gained in this place divided by the number of levels of this place that you have seen.
                   A       B       C       D       E      F
               +-------+-------+-------+-------+-------+----------------------
         Total | 100.0 | 100.0 | 100.0 |   N/A | 100.0 |   6.5
       Dungeon | 100.0 | 100.0 | 100.0 |   N/A | 100.0 |   6.5
               +-------+-------+-------+-------+-------+----------------------

Vault maps used:
D:1:      dpeg_arrival_rooms_c, okawaru_ov_weapons_minmay
D:2:      lemuel_coloured_pillars_altar, kennysheep_cross_bottleneck,
          uniq_terence
